 Dungeon Crawl Stone Soup version 0.29-a0-553-g81b289dbe5 (webtiles) character file.

Game seed: 8658168248126994905

11339 CryoSword the Quickloader (level 12, -8/93 HPs)
             Began as a Formicid Hunter on June 7, 2022.
             Was a Believer of Ashenzari.
             Mangled by an eight-headed hydra (9 damage)
             ... on level 11 of the Dungeon.
             The game lasted 00:20:24 (10873 turns).

CryoSword the Quickloader (Formicid Hunter)        Turns: 10873, Time: 00:20:24

Health: -8/93      AC: 12    Str: 22    XL:     12   Next: 6%
Magic:  12/12      EV: 15    Int: 10    God:    Ashenzari [**....]
Gold:   842        SH: 12    Dex: 18    Spells: 11/11 levels left

rFire   . . .      SeeInvis +   a - +1 hand crossbow (venom)
rCold   . . .      Faith    .   m - +0 kite shield "Yoke of Ashenzari" {Cun, Alch} (curse)
rNeg    . . .      Spirit   .   u - +0 troll leather armour
rPois   .          Reflect  .   (helmet unavailable)
rElec   .          Harm     .   n - +0 cloak
rCorr   .          Rampage  .   (no gloves)
Will    +....                   r - +2 pair of boots "Eternal Lifelessness" {Cun, Range} (curse)
Stlth   ++++......              (no amulet)
HPRegen 1.05/turn               i - +6 ring of strength
MPRegen 0.13/turn               c - ring "Yoke of Ashenzari" {AC+4, Bglg, Melee} (curse)

@: no status effects
A: permanent stasis, dig shafts and tunnels, antennae 3, four strong arms
a: Dig, Shaft Self, Renounce Religion, Curse Item, Shatter the Chains


You were on level 11 of the Dungeon.
You worshipped Ashenzari.
Ashenzari was pleased with you.
You visited 2 branches of the dungeon, and saw 12 of its levels.

You collected 842 gold pieces.

Inventory:

Hand Weapons
 a - a +1 hand crossbow of venom (weapon)
 f - a +2 whip of electrocution
   (You took it off Pikel on level 4 of the Dungeon)
Missiles
 d - a curare-tipped dart
 k - 17 boomerangs
 x - 4 throwing nets
Armour
 m - the cursed +0 kite shield "Yoke of Ashenzari" (worn) {Cun, Alch}
   (You found it on level 3 of the Dungeon)

   It has a curse which improves the following skills: Cunning: Dodging and
   Stealth.
   Alchemy:   Poison Magic and Transmutations.
 n - a +0 cloak (worn)
   (You took it off Crazy Yiuf on level 6 of the Dungeon)
 r - the cursed +2 pair of boots "Eternal Lifelessness" (worn) {Cun, Range}
   (You found it on level 3 of the Dungeon)

   It has a curse which improves the following skills: Cunning: Dodging and
   Stealth.
   Ranged Combat: Slings, Bows, Crossbows and Throwing.
 u - a +0 troll leather armour (worn)
   (You found it on level 7 of the Dungeon)
Jewellery
 c - the cursed ring "Yoke of Ashenzari" (right hand) {AC+4, Bglg, Melee}
   (You acquired it on level 6 of the Dungeon)

   [ring of protection]

   AC:        It affects your AC (+4).
   It has a curse which improves the following skills: Beguiling: Conjurations,
   Hexes and Translocations.
   Melee Combat: Short Blades, Long Blades, Axes, Maces & Flails, Polearms,
   Staves and Unarmed Combat.
 i - a +6 ring of strength (left hand)
   (You found it on level 2 of the Dungeon)
 j - a ring of fire
   (You found it on level 2 of the Dungeon)
 s - a ring of fire
   (You found it on level 3 of the Dungeon)
 t - a ring of positive energy
   (You found it on level 3 of the Dungeon)
 C - a ring of positive energy
   (You found it on level 7 of the Dungeon)
Wands
 g - a wand of paralysis (19)
   (You found it on level 6 of the Dungeon)
 B - a wand of charming (4)
   (You found it on level 8 of the Dungeon)
 E - a wand of acid (9) (quivered)
   (You found it on level 8 of the Dungeon)
 F - a wand of flame (15)
   (You found it on level 8 of the Dungeon)
 I - a wand of iceblast (11)
   (You found it on level 9 of the Dungeon)
Scrolls
 h - 2 scrolls of enchant weapon
 l - a scroll of amnesia
 o - a scroll of fear
 p - a scroll of fog
 q - a scroll of magic mapping
 G - a scroll of silence
Potions
 b - a potion of cancellation
 e - 4 potions of brilliance
 v - a potion of might
 w - 4 potions of curing {@q1}
 z - a potion of mutation {!q}
 A - a potion of flight
 D - a potion of lignification {!q}


   Skills:
 * Level 8.2 Fighting
 * Level 12.4(13.6) Crossbows
 + Level 3.3 Armour
 + Level 6.0(7.9) Dodging
 + Level 6.5(8.5) Stealth
 + Level 11.0 Shields


You had 11 spell levels left.
You didn't know any spells.
Your spell library contained the following spells:

 Spells                   Type           Power      Damage    Failure   Level
 Apportation              Tloc           0%         N/A       58%         1
 Magic Dart               Conj           0%         1d3       58%         1
 Necrotize                Necr           0%         1d4       61%         1
 Summon Small Mammal      Summ           0%         N/A       61%         1
 Searing Ray              Conj           0%         2d4       75%         2
 Gell's Gravitas          Tloc           0%         N/A       92%         3
 Ignite Poison            Fire/Tmut/Pois 0%         N/A       92%         3
 Lesser Beckoning         Tloc           0%         N/A       92%         3
 Mephitic Cloud           Conj/Pois/Air  0%         N/A       92%         3
 Teleport Other           Tloc           0%         N/A       92%         3
 Fulminant Prism          Conj/Hex       0%         3d6       100%        4
 Freezing Cloud           Conj/Ice/Air   0%         6-21      100%        5


Dungeon Overview and Level Annotations

Branches:
Dungeon (11/15)            Temple (1/1) D:4
   Lair: D:8-11         Orc: D:9-12

Altars:
Ashenzari
Cheibriados
Dithmenos
Elyvilon
Fedhas
Gozag
Hepliaklqana
Kikubaaqudgha
Makhleb
Nemelex Xobeh
Okawaru
Qazlal
Ru
Sif Muna
Trog
Uskayaw
Vehumet
Wu Jian
Xom
Yredelemnul
Zin
The Shining One

Shops:
D:8 [


Innate Abilities, Weirdness & Mutations

You cannot be hasted, slowed, berserked, paralysed or teleported.
You can dig through walls and to a lower floor.
You have a pair of large antennae on your head. (SInv)
Your four strong arms can wield two-handed weapons with a shield.


Message History

The orc warrior looks as sick as possible!
The orc warrior hits you but does no damage.
You shoot a bolt.
The bolt hits the orc warrior but does no damage.
You block the orc warrior's attack.
Shoot: a) +1 hand crossbow (venom)
Aim: an orc warrior, wielding a +0 battleaxe, wearing a +3 chain mail of willpower and quivering boomerangs (almost dead, extremely poisoned, 70% to hit)
You shoot a bolt.
The bolt hits the orc warrior but does no damage.
The orc warrior looks as sick as possible!
You kill the orc warrior!
k - 17 boomerangs (gained 3)
Items here: ))) [[ ††.
Found a stone staircase leading down.
Things that are here:
a +0 flail; an orc corpse You now have 842 gold pieces (gained 9).
Items here: ))) [[ ††.
There is an open door here.
Done exploring.
No target in view!
No target in view!
Done exploring.
Done exploring.
Okay, then.
Okay, then.
There is an open door here.
Items here: ))) [[ ††.
There is a stone staircase leading down here.
You climb downwards.
There is a stone staircase leading up here.
A troll comes into view.
Found a potion of curing.
A troll is nearby!
A troll is nearby!
You shoot a bolt.
The bolt hits the troll but does no damage.
The troll shouts!
You shoot a bolt. The bolt hits the troll!
The troll is poisoned.
You shoot a bolt.
The bolt hits the troll but does no damage.
An eight-headed hydra comes into view.
You shoot a bolt. The eight-headed hydra roars!
The bolt hits the troll.
A wyvern comes into view.
You shoot a bolt. The bolt hits the troll.
The troll looks as sick as possible!
You shoot a bolt. The bolt hits the troll.
The troll looks as sick as possible!
The wyvern hisses menacingly.
You shoot a bolt. The bolt hits the troll.
The troll looks as sick as possible!
You block the troll's attack. x2; The troll claws you but does no damage.
You shoot a bolt. The bolt barely misses the troll.
The bolt hits the eight-headed hydra but does no damage.
The troll misses you. You block the troll's attack.
The troll closely misses you.
Aim: a troll (severely wounded, extremely poisoned, 71% to hit)
The bolt of acid hits the eight-headed hydra!
The acid corrodes the eight-headed hydra!
The bolt of acid hits the troll!
The acid corrodes the troll!
You kill the troll!
The +0 troll leather armour is intact enough to wear.
The bolt of acid misses the wyvern.
The eight-headed hydra bites you.
The eight-headed hydra barely misses you.
The eight-headed hydra bites you but does no damage.
You block the eight-headed hydra's attack.
The eight-headed hydra barely misses you.
You block the eight-headed hydra's attack.
The eight-headed hydra bites you but does no damage.
The eight-headed hydra closely misses you.
Your base Dodging skill increases to level 6!
Shoot: a) +1 hand crossbow (venom)
Aim: an eight-headed hydra (lightly wounded, covered in acid, 85% to hit)
You shoot a bolt. The bolt hits the eight-headed hydra.
You block the eight-headed hydra's attack.
The eight-headed hydra closely misses you. x2
The eight-headed hydra misses you. The eight-headed hydra bites you.
The eight-headed hydra misses you. The eight-headed hydra bites you.
You block the eight-headed hydra's attack.
Shoot: a) +1 hand crossbow (venom)
Aim: an eight-headed hydra (lightly wounded, covered in acid, 85% to hit)
You shoot a bolt. The bolt hits the eight-headed hydra!
The eight-headed hydra bites you.
The eight-headed hydra bites you but does no damage.
The eight-headed hydra bites you!
You block the eight-headed hydra's attack. x2
The eight-headed hydra bites you!
The eight-headed hydra barely misses you. x2
Shoot: a) +1 hand crossbow (venom)
Aim: an eight-headed hydra (moderately wounded, covered in acid, 85% to hit)
You shoot a bolt. The bolt hits the eight-headed hydra!
The eight-headed hydra is poisoned.
The eight-headed hydra bites you but does no damage.
You block the eight-headed hydra's attack.
The eight-headed hydra bites you!
The eight-headed hydra bites you but does no damage.
The eight-headed hydra bites you!
* * * LOW HITPOINT WARNING * * *
The eight-headed hydra bites you!
* * * LOW HITPOINT WARNING * * *
You block the eight-headed hydra's attack.
The eight-headed hydra bites you!
* * * LOW HITPOINT WARNING * * *
Shoot: a) +1 hand crossbow (venom)
Aim: an eight-headed hydra (heavily wounded, very poisoned, covered in acid, 85% to hit)
You shoot a bolt. The bolt hits the eight-headed hydra.
The eight-headed hydra is no longer covered in acid.
The eight-headed hydra bites you but does no damage.
You block the eight-headed hydra's attack.
The eight-headed hydra bites you but does no damage.
The eight-headed hydra bites you.
* * * LOW HITPOINT WARNING * * *
You block the eight-headed hydra's attack.
The eight-headed hydra barely misses you.
You block the eight-headed hydra's attack.
The eight-headed hydra bites you.
* * * LOW HITPOINT WARNING * * *
Okay, then.
Shoot: a) +1 hand crossbow (venom)
Aim: an eight-headed hydra (heavily wounded, very poisoned, 85% to hit)
You shoot a bolt. The bolt hits the eight-headed hydra.
You block the eight-headed hydra's attack.
The eight-headed hydra misses you.
The eight-headed hydra barely misses you.
You block the eight-headed hydra's attack. x2
The eight-headed hydra bites you.
* * * LOW HITPOINT WARNING * * *
The eight-headed hydra bites you.
* * * LOW HITPOINT WARNING * * *
The eight-headed hydra bites you but does no damage.
Shoot: a) +1 hand crossbow (venom)
Aim: an eight-headed hydra (heavily wounded, very poisoned, 85% to hit)
You shoot a bolt. The bolt hits the eight-headed hydra.
The eight-headed hydra looks as sick as possible!
The eight-headed hydra bites you but does no damage.
The eight-headed hydra barely misses you.
The eight-headed hydra bites you but does no damage.
The eight-headed hydra closely misses you.
You block the eight-headed hydra's attack. x2
The eight-headed hydra closely misses you.
The eight-headed hydra bites you but does no damage.
Shoot: a) +1 hand crossbow (venom)
Aim: an eight-headed hydra (severely wounded, extremely poisoned, 85% to hit)
You shoot a bolt. The bolt hits the eight-headed hydra!
The eight-headed hydra bites you!
* * * LOW HITPOINT WARNING * * *
The eight-headed hydra bites you.
* * * LOW HITPOINT WARNING * * *
The eight-headed hydra bites you!
You die...

, ## , ,*, ...,
* * #.. * * * *
#.#* , * #.####
** ,, * #.##.##
* , * ,
#######.#...####
, , ,,
...............+
,,
######@#<..####
, * #D##.## *
#l#### #.# #.# *
, * #.# , * #.#
, , #!# , * * *


You could see an eight-headed hydra (extremely poisoned) and a wyvern.

Vanquished Creatures
  A hydra (D:9)
  Pikel (D:4)
  A deep elf pyromancer (D:8)
  A manticore (D:9)
  2 ugly things (D:9)
  An efreet (D:9)
  4 trolls
  A queen bee (D:8)
  2 hornets (D:9)
  A slime creature (D:8)
  2 wyverns
  Sigmund (D:5)
  2 wraiths
  A shadow (D:10)
  6 yaks
  A vampire (D:9)
  3 steam dragons
  3 water moccasins
  Duvessa (D:6)
  2 ice beasts (D:5)
  2 black bears (D:7)
  2 orc warriors
  3 centaurs
  A kobold brigand (D:9)
  3 gnoll sergeants
  A bullfrog (D:8)
  A necrophage (D:5)
  3 scorpions
  16 wights
  Dowan (D:6)
  16 killer bees
  7 howler monkeys
  A jelly (D:6)
  2 hounds (D:5)
  Crazy Yiuf (D:6)
  A gnoll shaman (D:9)
  7 orc priests
  5 iguanas
  4 orc wizards
  20 gnolls
  9 adders
  A white imp (D:5)
  An ufetubus (D:6)
  2 worms
  6 dart slugs
  31 orcs
  7 ball pythons
  4 bats
  7 endoplasms
  3 giant cockroaches
  7 hobgoblins
  2 jackals (D:2)
  2 quokkas (D:1)
  4 frilled lizards
  9 goblins
  A kobold (D:2)
  5 rats
235 creatures vanquished.

Vanquished Creatures (others)
  2 fungi (D:11)
  42 plants
44 creatures vanquished.

Grand Total: 279 creatures vanquished

Notes
Turn   | Place    | Note
-------+----------+-------------------------------------------
     0 | D:1      | CryoSword the Formicid Hunter began the quest for the Orb.
     0 | D:1      | Reached XP level 1. HP: 16/16 MP: 1/1
    46 | D:1      | Reached XP level 2. HP: 22/22 MP: 2/2
   364 | D:1      | Reached XP level 3. HP: 27/27 MP: 3/3
   892 | D:2      | Reached skill level 5 in Crossbows
  1134 | D:2      | Reached XP level 4. HP: 29/33 MP: 4/4
  1223 | D:2      | Reached skill level 1 in Shields
  1820 | D:2      | Reached XP level 5. HP: 20/38 MP: 5/5
  2200 | D:3      | Reached skill level 6 in Crossbows
  2344 | D:3      | Reached XP level 6. HP: 30/44 MP: 6/6
  2600 | D:4      | Found a staircase to the Ecumenical Temple.
  2609 | Temple   | Entered the Ecumenical Temple
  3690 | D:5      | Entered Level 5 of the Dungeon
  3690 | D:5      | Noticed Pikel
  3705 | D:4      | Killed Pikel
  3706 | D:4      | Reached skill level 8 in Crossbows
  3706 | D:4      | Reached skill level 5 in Shields
  3706 | D:4      | Reached XP level 7. HP: 32/50 MP: 7/7
  3820 | D:5      | Reached XP level 8. HP: 47/56 MP: 8/8
  4030 | D:5      | Found a broken altar of Ashenzari.
  4180 | D:5      | Noticed Sigmund
  4197 | D:5      | Killed Sigmund
  4198 | D:5      | Reached skill level 9 in Crossbows
  4261 | D:5      | You fall into a shaft and drop 3 floors!
  4265 | D:8      | Noticed a deep elf pyromancer
  4265 | D:8      | Noticed a komodo dragon
  4310 | D:7      | Found a broken altar of Ashenzari.
  4596 | D:7      | Became a worshipper of Ashenzari the Shackled
  4757 | D:5      | Reached XP level 9. HP: 61/61 MP: 9/9
  5520 | D:6      | Found a white marble altar of Elyvilon.
  5696 | D:6      | Reached skill level 10 in Crossbows
  5700 | D:6      | Identified a scroll of acquirement
  5701 | D:6      | Acquired a +4 ring of protection
  6115 | D:6      | Found a runed translucent door.
  6116 | D:6      | Noticed Crazy Yiuf
  6223 | D:6      | Noticed Dowan
  6226 | D:6      | Noticed Duvessa
  6238 | D:6      | Killed Duvessa
  6239 | D:6      | Killed Dowan
  6771 | D:6      | Killed Crazy Yiuf
  6987 | D:7      | Noticed a troll
  6998 | D:7      | Killed a troll
  6999 | D:7      | Reached XP level 10. HP: 41/73 MP: 10/10
  7371 | D:7      | Identified the +2 spear "Irufaah" {vorpal, Str+7 Dex-2}
  7411 | D:7      | Reached skill level 11 in Crossbows
  7763 | D:8      | Reached skill level 5 in Fighting
  8066 | D:8      | Killed a deep elf pyromancer
  8208 | D:8      | Reached * piety under Ashenzari
  8295 | D:8      | Reached skill level 5 in Dodging
  8295 | D:8      | Reached skill level 10 in Shields
  8295 | D:8      | Reached XP level 11. HP: 52/81 MP: 11/11
  8734 | D:8      | Found Quiseahe's Armour Emporium.
  9011 | D:9      | Reached ** piety under Ashenzari
  9040 | D:9      | Reached skill level 1 in Armour
  9040 | D:9      | Reached skill level 5 in Stealth
  9121 | D:9      | Found a hide-covered altar of Uskayaw.
  9210 | D:9      | Found a glowing golden altar of the Shining One.
  9243 | D:9      | Noticed a manticore
  9254 | D:9      | Killed a manticore
  9328 | D:9      | Found an opulent altar of Gozag.
  9328 | D:9      | Found a stormy altar of Qazlal.
  9387 | D:9      | Found a blossoming altar of Fedhas.
  9387 | D:9      | Found a glowing silver altar of Zin.
  9496 | D:9      | Noticed a white ugly thing
  9500 | D:9      | Noticed a purple ugly thing
  9518 | D:9      | Killed a white ugly thing
  9519 | D:9      | Reached skill level 12 in Crossbows
  9541 | D:9      | Killed a purple ugly thing
  9723 | D:9      | Noticed an eight-headed hydra
  9733 | D:9      | Killed an eight-headed hydra
 10076 | D:10     | Entered Level 10 of the Dungeon
 10258 | D:10     | Identified the +5 dagger of the Peculiar Beggars {vorpal,
                  | rCorr Int+6}
 10439 | D:10     | Reached XP level 12. HP: 92/92 MP: 12/12
 10860 | D:11     | Noticed an eight-headed hydra
 10873 | D:11     | HP: 3/93 [eight-headed hydra (7)]
 10873 | D:11     | HP: 1/93 [eight-headed hydra (2)]
 10873 | D:11     | Mangled by an eight-headed hydra

Illustrated notes

Levels and vault maps discovered:
D:1:      elethiomel_arrival_quiet, layout_basic
D:2:      minmay_razor_zed, layout_rooms, serial_forest,
          infiniplex_forest_straight_5, infiniplex_forest_straight_5,
          infiniplex_forest_clump_tiny, infiniplex_forest_lined_room_,
          minmay_pentomino_x2
D:3:      layout_rooms, kennysheep_generic_room_3
D:4:      layout_gridville, minmay_temple_entry_arrows
D:5:      nicolae_BIG_FREAKIN_CUBE, layout_gridville, minmay_ruined_shrine,
          uniq_sigmund, uniq_pikel
D:6:      layout_layer_cave, nicolae_elyvilon_peaceful_grove,
          uniq_crazy_yiuf_cottage, uniq_duvessa
D:7:      layout_basic, ashenzari_altar_1, minivault_10,
          minmay_chambers_of_fives
D:8:      minmay_curly_fans, layout_loops_ring, serial_shops,
          nicolae_shop_window_shopping, nicolae_looking_at_the_future
D:9:      minmay_bloctagon, layout_irregular_city, marbit_many_paths,
          mainiacjoe_overflow_large_starburst, jmf_multi_god_temple,
          mainiacjoe_overflow_surrounded_room
D:10:     layout_basic
D:11:     layout_loops_corners, minmay_lair_entry_grove, nicolae_shop_clearance
Temple:   eino_temple_water

Skill      XL: |  1  2  3  4  5  6  7  8  9 10 11 12 |
---------------+-------------------------------------+-----
Crossbows      | 5 6 8 9 10 11 12 | 12.4
Shields        | 1 3 5 7 8 10 11 | 11.0
Dodging        | 3 5 6 |  6.0
Fighting       | 4 6 8 |  8.2
Stealth        | 4 6 |  6.5
Armour         | 3 |  3.3

Action                   |  1- 3 |  4- 6 |  7- 9 | 10-12 || total
-------------------------+-------+-------+-------+-------++-------
Melee: Whip              |       |       |     7 |       ||     7
 Fire: Hand crossbow     |    53 |   166 |   244 |   549 ||  1012
Invok: Curse Item        |       |       |       |     3 ||     3
 Abil: Dig               |       |     2 |       |       ||     2
Evoke: Wand              |       |       |       |     1 ||     1
  Use: Scroll            |       |     4 |     7 |     2 ||    13
       Potion            |       |     2 |     1 |     2 ||     5
Armor: Leather armour    |     4 |    12 |    24 |       ||    40
       Troll leather arm |       |       |       |    93 ||    93
Dodge: Dodged            |    13 |    59 |    54 |   171 ||   297
Block: Buckler           |       |    11 |       |       ||    11
       Kite shield       |       |    16 |    68 |   226 ||   310

Table legend: (Time is in decaauts)
 A = Elapsed time spent in this place.
 B = Non-inter-level travel time spent in this place.
 C = Inter-level travel time spent in this place.
 D = Time resting spent in this place.
 E = Time spent auto-exploring this place.
 F = Levels seen in this place.
 G = Mean time per level.
                   A        B        C        D        E       F      G
               +--------+--------+--------+--------+--------+-----+--------+
         Total |  11052 |  10296 |    756 |    250 |   7809 |  12 |  921.0 |
       Dungeon |  10833 |  10091 |    742 |    250 |   7616 |  11 |  984.8 |
        Temple |    218 |    204 |     14 |      0 |    193 |   1 |  218.0 |
               +--------+--------+--------+--------+--------+-----+--------+

Top non-repeatable levels by time:
     D:5: 1496 daAuts
     D:6: 1411 daAuts
     D:8: 1229 daAuts
     D:9: 1190 daAuts
     D:2: 1151 daAuts
     D:4: 1147 daAuts
     D:7: 1090 daAuts
     D:1: 936 daAuts
    D:10: 623 daAuts
     D:3: 533 daAuts
  Temple: 218 daAuts
    D:11: 23 daAuts
